 Dungeon Crawl Stone Soup version 0.29-a0-541-gaf1fc19f1b (webtiles) character file.

Game seed: 2639320305821034431

9 swifteh the Cudgeller (level 2, -5/29 HPs)
             Began as a Gnoll Chaos Knight on June 2, 2022.
             Was a Plaything of Xom.
             Slain by a gnoll
             ... wielding a +4 whip
              (6 damage)
             ... on level 1 of the Dungeon.
             The game lasted 00:06:51 (419 turns).

swifteh the Cudgeller (Gnoll Chaos Knight)           Turns: 419, Time: 00:06:53

Health: -5/29      AC:  5    Str: 11    XL:     2   Next: 12%
Magic:  2/2        EV: 11    Int: 11    God:    Xom [..*...]
Gold:   20         SH:  3    Dex: 11    Spells: 1/1 levels left

rFire   . . .      SeeInvis .   a - +1 mace (chaos)
rCold   . . .      Faith    .   d - +0 buckler
rNeg    . . .      Spirit   .   b - +2 leather armour
rPois   .          Reflect  .   (no helmet)
rElec   .          Harm     .   (no cloak)
rCorr   .          Rampage  .   (no gloves)
Will    .....                   (no boots)
Stlth   +.........              (no amulet)
HPRegen 0.09/turn               e - ring of wizardry
MPRegen 0.08/turn               (no ring)

@: no status effects
A: fangs 1, strong nose, distributed training
a: Renounce Religion


You were on level 1 of the Dungeon.
You worshipped Xom.
You were a toy of Xom.
You visited 1 branch of the dungeon, and saw 1 of its levels.

You collected 20 gold pieces.

Inventory:

Hand Weapons
 a - a +1 mace of chaos (weapon)
Armour
 b - a +2 leather armour (worn)
 d - a +0 buckler (worn)
Jewellery
 e - a ring of wizardry (left hand)
Miscellaneous
 c - a piece from Xom's chessboard (15/15) (quivered)


   Skills:
 + Level 6.4 Fighting
 + Level 0.3 Short Blades
 + Level 0.3 Long Blades
 + Level 0.3 Axes
 + Level 6.4 Maces & Flails
 + Level 0.3 Polearms
 + Level 0.3 Staves
 + Level 0.3 Slings
 + Level 0.3 Bows
 + Level 0.3 Crossbows
 + Level 0.3 Throwing
 + Level 4.4 Armour
 + Level 2.4 Dodging
 + Level 0.3 Stealth
 + Level 0.3 Shields
 + Level 0.3 Unarmed Combat
 + Level 0.3 Spellcasting
 + Level 0.2 Conjurations
 + Level 0.2 Hexes
 + Level 0.2 Summonings
 + Level 0.2 Necromancy
 + Level 0.2 Translocations
 + Level 0.2 Transmutations
 + Level 0.2 Fire Magic
 + Level 0.2 Ice Magic
 + Level 0.2 Air Magic
 + Level 0.2 Earth Magic
 + Level 0.2 Poison Magic
 + Level 0.4 Invocations
 + Level 0.3 Evocations


You had one spell level left.
You didn't know any spells.
Your spell library was empty.

Dungeon Overview and Level Annotations

Branches:
Dungeon (1/15)

Altars:


Innate Abilities, Weirdness & Mutations

You have very sharp teeth.
Your uncanny sense of smell can sniff out nearby items.
Your experience applies equally to all skills.


Message History

You hit the jackal but do no damage.
The jackal is lightly wounded.
The jackal bites you but does no damage.
The jackal barely misses you.
Hit: a) +1 mace (chaos)
Press: ? - help, Dir - move target, f/p - jackal
Aim: a jackal (severely wounded, fast, very poisoned, about 41% to evade your +1 mace of chaos)
You closely miss the jackal.
The jackal is severely wounded.
The jackal closely misses you. You block the jackal's attack.
The jackal barely misses you.
Hit: a) +1 mace (chaos)
Press: ? - help, Dir - move target, f/p - jackal
Aim: a jackal (severely wounded, fast, very poisoned, about 41% to evade your +1 mace of chaos)
You hit the jackal.
You kill the jackal!
Unknown command.
You start resting. "Let's go for a ride!"
Your surroundings suddenly seem different.
Your surroundings suddenly seem different.
Your surroundings suddenly seem different.
Your surroundings suddenly seem different.
A gnoll comes into view. It is wielding a +4 whip.
You don't know any spells.
Unknown command.
Hit: a) +1 mace (chaos)
Press: ? - help, Dir - move target, f - you
Okay, then.
The gnoll shouts!
A goblin comes into view. It is wielding a +0 dagger.
You hit the gnoll but do no damage.
The gnoll flickers and vanishes!
Deactivating autopickup; reactivate with Ctrl-A.
Xom is highly amused!
Something hits you!
You miss something. Something barely misses you.
You closely miss something. Something hits you!
* * * LOW HITPOINT WARNING * * *
You hit something. You burn something. You bite something. Something hits you.
You die...

####### ..#...#########
...............
#.#...#.###.### ###
#.##.##.# .... #.##.##.#
g....
#.##.##.###.#######.....
#.##.##..##.............
......#..##.###{@.#.....
..##..#..##.............
#..#..##.#.##.##.###.
#..#...#...♣♣♣♣ #
#......#♣♣♣♣♣♣♣♣
#.###.##♣♣♣♣...♣♣♣♣#
#.###.##...........#
#......#...........#
#......#.8..8.8..8.#


There were no monsters in sight!

Vanquished Creatures
  A bat (D:1)
  An endoplasm (D:1)
  4 jackals (D:1)
  A rat (D:1)
7 creatures vanquished.

Notes
Turn   | Place    | Note
-------+----------+-------------------------------------------
     0 | D:1      | swifteh the Gnoll Chaos Knight began the quest for the Orb.
     0 | D:1      | Reached XP level 1. HP: 23/23 MP: 1/1
   170 | D:1      | Found a faded altar of an unknown god.
   286 | D:1      | Reached XP level 2. HP: 9/29 MP: 2/2
   410 | D:1      | XOM: 4-stop teleportation journey
   418 | D:1      | HP: 1/29 [something (11)]
   419 | D:1      | Slain by a gnoll

Illustrated notes

Levels and vault maps discovered:
D:1:      giann_forest_graveyard, layout_loops_ring,
          ebering_ecumenical_altar_abandoned

Action                   || total
-------------------------++-------
Melee: Mace              ||    27
       Bite              ||     1
Evoke: Piece from Xom's  ||     1
  Use: Scroll            ||     2
 Stab: Petrified         ||     2
Armor: Leather armour    ||    22
Dodge: Dodged            ||    33
Block: Buckler           ||     5

Table legend: (Time is in decaauts)
 A = Elapsed time spent in this place.
 B = Non-inter-level travel time spent in this place.
 C = Inter-level travel time spent in this place.
 D = Time resting spent in this place.
 E = Time spent auto-exploring this place.
 F = Levels seen in this place.
 G = Mean time per level.
                   A        B        C        D        E       F      G
               +--------+--------+--------+--------+--------+-----+--------+
         Total |    421 |    421 |      0 |    125 |     15 |   1 |  421.0 |
       Dungeon |    421 |    421 |      0 |    125 |     15 |   1 |  421.0 |
               +--------+--------+--------+--------+--------+-----+--------+

Top non-repeatable levels by time:
     D:1: 421 daAuts
